Map: Oxide LE

Players

HeroMarine

  • Race: Terran Terran
  • Spawn Location: 7:00

Stats - Winner!

  • Race: Protoss Protoss
  • Spawn Location: 1:00

Event: TSL 6

VOD

Have the link to the VOD?

Description

Time

  • Played on: Dec. 13, 2020, 1:10 p.m.
  • Length: 14:30

All games in this series

Show
View Real Time Build Order
Export as new Build Order

HeroMarine Terran 

Build Orders: Reaper Expand 

Get SALT Encoding   

  12  0:00  SCV  
  13  0:12  SCV  
  14  0:16  Supply Depot  
  14  0:24  SCV  
  15  0:38  SCV  
  15  0:40  Barracks  
  16  0:44  Refinery  
  16  0:50  SCV  
  17  1:02  SCV  
  18  1:14  SCV  
  19  1:27  Orbital Command  
  19  1:28  Reaper  
  20  1:39  Command Center  
  20  1:50  Supply Depot  
  20  1:53  SCV  
  21  2:00  Marine  
  22  2:05  SCV  
  23  2:17  SCV  
  23  2:20  Barracks Reactor  
  24  2:24  Command Center  
  25  2:30  SCV  
  25  2:39  Barracks  
  25  2:42  SCV  
  26  2:53  Orbital Command  
  26  2:54  SCV  
  26  2:56  Marine x2  
  29  3:06  SCV  
  29  3:09  Engineering Bay  
  30  3:12  Bunker  
  30  3:14  Marine x2  
  30  3:18  SCV  
  33  3:24  SCV  
  32  3:30  SCV  
  32  3:32  Marine  
  34  3:36  Orbital Command, SCV  
  35  3:42  SCV  
  35  3:44  Barracks Tech Lab  
  35  3:46  Marine  
  36  3:48  SCV  
  36  3:49  Marine  
  36  3:51  Terran Infantry Weapons Level 1  
  36  3:54  SCV  
  39  3:59  Refinery  
  39  4:00  SCV  
  40  4:03  SCV  
  40  4:06  SCV, Marine x2  
  41  4:13  SCV  
  41  4:15  Missile Turret  
  41  4:16  SCV  
  43  4:18  Stimpack, SCV, Marine  
  45  4:24  Marine  
  45  4:25  SCV  
  45  4:26  Marine  
  45  4:27  Refinery  
  45  4:28  SCV  
  45  4:29  Supply Depot  
  45  4:30  SCV  
  50  4:37  SCV  
  51  4:38  Factory, Marine  
  51  4:40  SCV  
  51  4:42  Marine  
  51  4:43  Barracks, SCV  
  51  4:44  Marine  
  56  4:49  SCV  
  56  4:52  SCV  
  58  4:53  Refinery  
  58  4:55  SCV  
  58  4:56  Marine  
  58  4:59  Marine  
  60  5:00  Supply Depot  
  60  5:01  SCV  
  60  5:02  Marauder  
  60  5:04  SCV  
  64  5:07  SCV  
  64  5:12  Barracks  
  64  5:13  Barracks, SCV  
  66  5:14  Marine  
  66  5:15  Missile Turret  
  66  5:17  Marine  
  69  5:22  SCV  
  69  5:23  Supply Depot, Orbital Command  
  69  5:24  Marauder  
  69  5:25  Starport  
  69  5:28  Factory Reactor  
  71  5:30  SCV  
  71  5:32  Barracks Tech Lab, Marine  
  71  5:34  SCV  
  71  5:35  Marine  
  73  5:42  SCV  
  75  5:43  Supply Depot  
  75  5:45  Marauder  
  75  5:46  SCV  
  78  5:50  SCV, Marine  
  78  5:53  Combat Shield, Marauder, Marine  
  78  5:54  Supply Depot, SCV  
  84  5:58  SCV  
  85  6:04  Barracks Reactor, Barracks Tech Lab  
  85  6:05  SCV  
  85  6:06  SCV  
  85  6:08  Marauder  
  85  6:10  Missile Turret  
  89  6:12  SCV  
  89  6:15  Marauder  
  89  6:16  Medivac x2, Supply Depot  
  89  6:17  Factory Reactor, SCV  
  89  6:18  SCV  
  98  6:19  Supply Depot  
  98  6:24  SCV, Marine x2  
  101  6:28  Concussive Shells  
  101  6:31  Supply Depot  
  101  6:38  Marauder x2, SCV x3  
  108  6:41  Marauder  
  108  6:42  Supply Depot  
  108  6:44  Terran Infantry Armor Level 1, Supply Depot  
  108  6:45  Marine x2  
  108  6:46  Marine  
  113  6:47  Marine  
  113  6:50  SCV x2  
  113  6:53  Medivac x2  
  119  6:54  Widow Mine  
  119  6:55  Widow Mine  
  119  7:00  Marauder  
  125  7:01  Refinery  
  125  7:02  Refinery  
  125  7:04  Marauder x2  
  125  7:05  Supply Depot  
  125  7:06  Marine x2  
  125  7:07  Supply Depot, Marine  
  132  7:09  Marine  
  133  7:16  Armory  
  133  7:17  Engineering Bay  
  133  7:18  SCV x3  
  133  7:21  Marauder  
  138  7:25  Marine x2  
  138  7:27  Marauder  
  142  7:30  SCV  
  142  7:31  Medivac x2, Widow Mine x2  
  142  7:36  Marauder  
  150  7:42  Marauder, Marine x2  
  153  7:46  Supply Depot  
  153  7:47  Supply Depot x2  
  153  7:48  Marauder  
  154  7:52  Widow Mine  
  154  7:58  Widow Mine  
  157  8:04  Marauder  
  156  8:07  Marine x3  
  156  8:08  Marauder  
  156  8:10  Marauder  
  163  8:15  Command Center  
  167  8:26  Medivac x2, Marauder  
  173  8:29  Terran Ship Weapons Level 1, Marauder, Terran Infantry Weapons Level 2  
  173  8:32  Ghost Academy, Marauder  
  173  8:33  Starport  
  173  8:36  Marine  
  173  8:38  Marine x2  
  176  8:47  Marauder  
  175  8:51  Marauder  
  175  8:53  Marauder, Marine  
  175  8:54  Marine  
  174  8:56  Marine x2  
  174  9:00  Viking x2  
  178  9:09  Marauder  
  175  9:11  Marine  
  175  9:12  Marauder  
  175  9:16  Viking x2  
  172  9:17  Ghost  
  172  9:18  Marine x2  
  172  9:19  Marine  
  168  9:28  Marine  
  168  9:29  Ghost  
  168  9:30  Viking x2  
  173  9:33  Ghost  
  173  9:37  Marine x2  
  173  9:38  Missile Turret, Marine  
  178  9:42  Barracks  
  178  9:44  Barracks  
  178  9:45  Barracks  
  178  9:46  Viking x2, Ghost, Marine  
  179  9:55  Supply Depot  
  179  9:59  Marauder  
  174  10:02  Marauder  
  163  10:11  Marine  
  134  10:15  Marauder  
  134  10:18  Marine x2  
  134  10:20  Marauder  
  122  10:21  Marine  
  122  10:23  Marauder  
  122  10:24  Viking x2  
  122  10:27  Viking x2  
  129  10:29  Marine  
  129  10:30  Orbital Command  
  129  10:33  Orbital Command  
  128  10:36  Marine x2  
  128  10:37  Marauder  
  128  10:39  Barracks Reactor, Barracks Tech Lab  
  128  10:40  Barracks Tech Lab  
  128  10:41  Marauder  
  128  10:42  SCV  
  120  10:45  SCV  
  121  10:54  SCV  
  121  10:56  SCV  
  121  10:57  SCV  
  124  10:59  SCV  
  125  11:05  Ghost x2  
  125  11:07  Ghost  
  131  11:11  Ghost  
  131  11:12  SCV  
  131  11:14  SCV  
  131  11:15  SCV  
  131  11:18  SCV  
  137  11:21  Refinery x2  
  137  11:24  Enhanced Shockwaves  
  137  11:25  SCV  
  138  11:26  SCV  
  138  11:28  SCV  
  138  11:30  SCV  
  138  11:31  Supply Depot  
  139  11:37  SCV  
  141  11:42  Supply Depot  
  141  11:45  Marauder x3  
  148  11:49  Marauder  
  148  11:51  Marauder  
  148  11:52  Medivac x2  
  153  11:54  Marine  
  153  11:55  Supply Depot, Marine x4  
  153  11:56  Marine  
  159  12:05  Ghost  
  159  12:07  Viking x2  
  165  12:10  Marauder  
  165  12:11  Marauder  
  165  12:15  Marauder  
  171  12:18  Supply Depot  
  171  12:20  Marauder  
  173  12:24  Viking  
  173  12:26  Viking  
  177  12:30  Supply Depot  
  177  12:36  Missile Turret, Ghost  
  179  12:40  Ghost  
  179  12:44  Ghost  
  181  12:46  Marine  
  181  12:48  Marauder  
  186  12:53  Marauder  
  188  12:59  Marine x5  
  192  13:05  Marauder  
  192  13:08  Ghost  
  192  13:11  Ghost  
  192  13:12  Ghost  
  190  13:22  Ghost  
  192  13:28  Supply Depot  
  192  13:30  Marauder  
  192  13:38  Marauder  
  192  13:40  Ghost  
  191  13:45  Viking x2  
  191  13:50  Marauder  
  191  13:51  Marauder, Marine x2  
  191  13:52  Marauder  
Show
View Real Time Build Order
Export as new Build Order

Stats Protoss - Winner!

Build Orders: 1 Gate Expand, Oracle Opening, Phoenix Opening 

Get SALT Encoding   

  12  0:00  Probe  
  13  0:12  Probe  
  14  0:18  Pylon  
  14  0:24  Probe (Chrono Boost)  
  15  0:37  Gateway, Probe (Chrono Boost)  
  16  0:45  Probe (Chrono Boost)  
  16  0:46  Assimilator  
  17  0:51  Probe  
  18  1:03  Probe  
  19  1:15  Probe  
  20  1:25  Cybernetics Core  
  20  1:31  Nexus  
  20  1:35  Probe  
  21  1:41  Pylon  
  21  1:45  Assimilator  
  21  1:49  Probe  
  22  1:59  Adept (Chrono Boost)  
  22  2:01  Probe  
  23  2:06  Shield Battery  
  25  2:13  Probe  
  26  2:18  Stargate  
  26  2:21  Adept (Chrono Boost)  
  26  2:27  Probe  
  29  2:32  Warp Gate  
  29  2:42  Probe (Chrono Boost)  
  30  2:44  Probe (Chrono Boost)  
  30  2:46  Adept  
  33  2:55  Probe (Chrono Boost)  
  33  2:58  Probe (Chrono Boost)  
  34  3:03  Probe  
  36  3:06  Oracle (Chrono Boost)  
  36  3:09  Probe  
  40  3:15  Probe  
  40  3:16  Pylon  
  39  3:30  Probe x2  
  39  3:35  Assimilator  
  39  3:36  Phoenix  
  39  3:37  Assimilator  
  41  3:42  Probe (Chrono Boost)  
  41  3:45  Probe (Chrono Boost)  
  45  3:56  Probe (Chrono Boost)  
  45  3:58  Probe (Chrono Boost)  
  45  4:01  Phoenix  
  45  4:02  Probe (Chrono Boost)  
  47  4:04  Robotics Facility  
  47  4:07  Probe  
  49  4:13  Gateway  
  49  4:14  Gateway  
  49  4:17  Probe  
  49  4:19  Probe  
  49  4:21  Adept  
  53  4:24  Pylon  
  53  4:28  Nexus  
  53  4:34  Probe  
  54  4:42  Probe  
  55  4:46  Sentry, Probe  
  55  4:49  Shield Battery, Immortal (Chrono Boost)  
  55  4:50  Shield Battery  
  62  4:57  Pylon  
  62  5:15  Probe x2  
  62  5:19  Robotics Bay, Phoenix  
  62  5:21  Observer  
  67  5:26  Pylon  
  67  5:27  Probe  
  68  5:29  Pylon  
  68  5:30  Probe  
  69  5:40  Probe (Chrono Boost)  
  69  5:41  Probe (Chrono Boost)  
  69  5:42  Probe (Chrono Boost)  
  72  5:44  Phoenix  
  72  5:45  Observer  
  76  5:50  Probe (Chrono Boost)  
  76  5:52  Probe x2 (Chrono Boost)  
  76  5:55  Probe (Chrono Boost), Forge  
  79  5:58  Twilight Council  
  79  5:59  Probe  
  79  6:00  Probe  
  81  6:05  Colossus (Chrono Boost), Probe  
  81  6:09  Phoenix  
  90  6:12  Probe x2  
  90  6:17  Gateway x2  
  90  6:18  Probe  
  93  6:21  Gateway  
  93  6:24  Protoss Ground Weapons Level 1 (Chrono Boost)  
  93  6:27  Probe x2  
  93  6:30  Probe  
  93  6:31  Assimilator x2  
  96  6:32  Pylon  
  96  6:34  Charge, Pylon  
  96  6:44  Probe  
  96  6:45  Colossus, Probe x2  
  99  6:49  Phoenix, Pylon  
  99  6:50  Pylon  
  107  7:05  Gateway  
  107  7:06  Extended Thermal Lance  
  107  7:08  Gateway  
  107  7:10  Zealot  
  107  7:11  Zealot x3  
  115  7:17  Phoenix  
  116  7:38  Colossus (Chrono Boost)  
  116  7:43  Pylon  
  122  7:45  Pylon  
  122  7:48  Templar Archives  
  122  7:50  Pylon x2  
  122  7:52  Phoenix  
  124  8:08  Zealot x8  
  140  8:13  Photon Cannon  
  140  8:14  Shield Battery  
  140  8:20  Blink  
  140  8:21  Forge  
  140  8:29  Observer (Chrono Boost)  
  140  8:32  High Templar x3  
  140  8:33  Zealot x4, High Templar  
  157  8:35  Nexus  
  157  8:37  Archon  
  157  8:38  Pylon  
  157  8:41  Pylon  
  157  8:54  Archon, Zealot x2  
  157  8:55  Zealot x2  
  165  9:02  Protoss Ground Weapons Level 2 (Chrono Boost)  
  165  9:07  Zealot x4  
  165  9:08  Protoss Ground Armor Level 1 (Chrono Boost)  
  161  9:17  Warp Prism (Chrono Boost)  
  161  9:19  Zealot x4  
  165  9:32  Probe x3  
  168  9:39  High Templar x4  
  168  9:40  Zealot x2  
  168  9:43  Archon x2  
  172  10:01  Zealot x4  
  172  10:02  Colossus  
  168  10:11  Zealot x4  
  131  10:27  Zealot x4  
  137  10:33  Observer  
  137  10:34  Gateway  
  137  10:37  Gateway  
  137  10:41  Probe x3  
  137  10:42  Probe  
  141  10:45  Shield Battery, Photon Cannon  
  141  10:50  High Templar x4  
  141  10:51  Zealot x2, High Templar x2  
  141  10:53  Colossus (Chrono Boost)  
  141  10:56  Archon x2  
  163  10:57  Archon  
  163  11:02  Protoss Ground Armor Level 2 (Chrono Boost)  
  163  11:04  Gateway  
  163  11:05  Dark Shrine  
  163  11:06  Gateway  
  163  11:07  Assimilator  
  163  11:09  Assimilator  
  163  11:12  Zealot x2  
  167  11:26  Protoss Ground Weapons Level 3 (Chrono Boost)  
  167  11:39  Stalker  
  169  11:40  Stalker x7  
  183  11:49  Robotics Facility  
  183  11:53  Pylon  
  183  11:55  Gateway  
  183  11:58  Gateway  
  183  12:05  Gateway  
  183  12:07  Shadow Stride (Chrono Boost)  
  183  12:09  Gateway  
  183  12:18  Nexus  
  183  12:20  Pylon  
  183  12:21  Dark Templar x2  
  187  12:24  Stalker x3  
  187  12:25  Zealot x3  
  199  12:34  Shield Battery  
  199  12:39  Observer  
  200  12:45  Shield Battery  
  200  12:46  Shield Battery  
  200  12:48  Photon Cannon  
  200  12:49  Photon Cannon  
  200  12:55  Observer  
  200  13:11  Dark Templar  
  200  13:12  Dark Templar x2  
  194  13:35  Zealot x2  
  194  13:36  Zealot x5  
  194  13:40  Zealot x2  
  194  13:41  Zealot x4  
  184  13:51  Dark Templar x3  
  190  13:59  Dark Templar  
  190  14:00  Zealot x2, Dark Templar x2  
  186  14:12  Zealot x2  
  186  14:13  Zealot x6  
  168  14:21  Zealot x2  
Tags
 
Add a new tag
Caveats
  • Supply blocks, unpowered buildings, or Contaminate may cause inaccurate times.
  • Supply counts are checked every 10 seconds.